Map: Acid Plant LE

Players

Gemini - Winner!

  • Race: Protoss Protoss
  • League: Grandmaster
  • Spawn Location: 5:00

A.I. 2 (Very Easy)

  • Race: Terran Terran
  • Spawn Location: 11:00

VOD

Have the link to the VOD?

Description

Time

  • Played on: May 10, 2018, 5:09 p.m.
  • Length: 6:19
Show
View Real Time Build Order
Export as new Build Order

Gemini Protoss - Winner!

Build Orders:  

Get SALT Encoding   

  12  0:00  Probe  
  13  0:13  Probe  
  14  0:17  Pylon  
  14  0:23  Probe  
  15  0:31  Probe  
  15  0:37  Gateway  
  15  0:40  Probe  
  16  0:46  Assimilator  
  17  0:51  Probe  
  18  1:03  Probe  
  19  1:15  Probe  
  20  1:24  Cybernetics Core  
  20  1:27  Probe  
  23  1:35  Pylon  
  22  1:44  Zealot  
  23  2:04  Robotics Facility  
  23  2:07  Warp Gate  
  23  2:11  Adept  
  23  2:16  Forge  
  25  2:35  Gateway  
  25  2:37  Pylon, Gateway  
  25  2:41  Immortal  
  25  2:42  Zealot  
  31  3:08  Protoss Ground Weapons Level 1  
  31  3:09  Zealot  
  33  3:14  Pylon  
  33  3:19  Warp Prism  
  35  3:37  Zealot  
  37  4:04  Immortal  
  37  4:08  Gateway  
  41  4:19  Pylon  
  41  4:22  Zealot  
  41  4:23  Zealot x2  
  47  4:57  Pylon  
  47  4:58  Pylon, Zealot x3  
  53  5:20  Zealot x3  
  53  5:21  Stalker  
Show
View Real Time Build Order
Export as new Build Order

A.I. 2 (Very Easy) Terran 

Build Orders:  

Get SALT Encoding   

  12  0:00  SCV  
  13  0:13  SCV  
  14  0:18  Supply Depot  
  14  0:36  Refinery  
  14  0:42  Barracks  
  14  1:06  Supply Depot  
  14  1:14  Refinery  
  14  1:30  Marine  
  14  1:31  Orbital Command  
  15  1:57  SCV  
  16  2:09  SCV  
  16  2:11  Marine  
  18  2:21  SCV  
  19  2:30  Barracks Tech Lab  
  19  2:33  SCV  
  20  2:45  SCV  
  21  2:53  Marauder  
  21  2:57  SCV  
  24  5:34  Marine  
  25  5:35  Supply Depot  
  25  5:48  SCV  
Tags
 
Add a new tag
Caveats
  • Supply blocks, unpowered buildings, or Contaminate may cause inaccurate times.
  • Supply counts are checked every 10 seconds.